 Dungeon Sprint DCSS version 0.30.1 (webtiles) character file.

Game seed: 10231698068824561807

5300000 BreadTh the Axe Maniac (level 24, -2/249 HPs)
             Began as a Ghoul Fighter on July 11, 2023.
             Was the Champion of Makhleb.
             Slain by a bag of meat
             ... wielding a +9 war axe
              (9 damage)
             ... in the Dungeon (Sprint VIII: "Arena of Blood").
             The game lasted 00:04:35 (53 turns).

BreadTh the Axe Maniac (Ghoul Fighter)                Turns: 53, Time: 00:04:35

Health: -2/249     AC: 13    Str: 23    XL:     24   Next: 51%
Magic:  20/40      EV: 25    Int:  3    God:    Makhleb [******]
Gold:   0          SH:  0    Dex: 16    Spells: 52/52 levels left

rFire   . . .        j - +∞ Axe of Woe
rCold   + . .        (shield currently unavailable)
rNeg    + + +        b - +0 scale mail
rPois   ∞            (no helmet)
rElec   .            (no cloak)
rCorr   .            (no gloves)
SInv    .            (no boots)
Will    +....        (no amulet)
Stlth   ++++++++     (no ring)
HPRegen 0.00/turn    (no ring)
MPRegen 0.27/turn

%: no teleportation
@: inhibited regen
A: claws 1, cold resistance 1, negative energy resistance 3, inhibited
regeneration, torment resistance 2, devour on kill
a: Renounce Religion, Minor Destruction, Lesser Servant of Makhleb, Major
Destruction, Greater Servant of Makhleb


You were in the Dungeon.
You worshipped Makhleb.
Makhleb was exalted by your worship.
You visited 1 branch

Inventory:

Hand Weapons
 a - a +0 war axe
 j - the +∞ Axe of Woe (weapon)
   (You found it in the Dungeon)
Armour
 b - a +0 scale mail (worn)
 c - a +0 buckler
Scrolls
 i - a scroll of blinking
Potions
 d - a potion of might
 e - a potion of curing
 f - a potion of heal wounds
 g - a potion of haste
 h - 2 potions of magic


   Skills:
 O Level 27 Fighting
 + Level 15.9(18.6) Short Blades
 + Level 15.9(18.6) Long Blades
 O Level 27 Axes
 + Level 15.9(24.9) Maces & Flails
 + Level 15.9(24.9) Polearms
 + Level 16.0(20.8) Staves
 + Level 15.9 Ranged Weapons
 + Level 15.4 Throwing
 O Level 27 Armour
 O Level 27 Dodging
 O Level 27 Stealth
 + Level 16.2 Shields
 + Level 18.7 Unarmed Combat
 + Level 14.7 Spellcasting
 + Level 14.7 Conjurations
 + Level 14.7 Hexes
 + Level 15.9 Summonings
 + Level 16.8 Necromancy
 + Level 15.9 Translocations
 + Level 15.5 Transmutations
 + Level 14.3 Fire Magic
 + Level 18.1 Ice Magic
 + Level 14.2 Air Magic
 + Level 18.1 Earth Magic
 + Level 16.8 Poison Magic
 * Level 24.7 Invocations
 + Level 15.5 Evocations


You had 52 spell levels left.
You didn't know any spells.
Your spell library was empty.

Dungeon Overview and Level Annotations

Branches:
Dungeon (1/1)

Altars:
Makhleb

Annotations:
D The Servant


Innate Abilities, Weirdness & Mutations

You are immune to poison.
You have sharp fingernails.
Your flesh is cold resistant. (rC+)
You are immune to negative energy. (rN+++)
You do not regenerate when monsters are visible.
You are immune to unholy pain and torment.
You thrive by killing the living.


Message History

A large bag of meat comes into view. It is wielding a +9 giant spiked club.
A bag of meat comes into view. It is wielding a +9 war axe.
The bag of meat is engulfed in blazing flames.
You hear a shout!
The accursed casts a spell at you. Something smites you!
The bag of meat shouts!
You hear a shout!
The bag of meat shouts!
The bag of meat attacks as you move away!
The bag of meat hits you with a +9 war axe!!
You hear a shout! x8
The destroyer casts a spell at you.
The destroyer blinks!
The meat berserker hits you with a +9 battleaxe!!!
A bag of meat comes into view. It is wielding a +9 war axe.
The bag of meat is engulfed in blazing flames.
A bag of meat comes into view. It is wielding a +9 war axe.
The accursed casts a spell at you. Something smites you!
Unknown command.
The bag of meat attacks as you move away!
The bag of meat hits you with a +9 war axe!
The Servant comes into view.
He is wielding a +9 glaive of flaming.
You hear a shout! x5
The meat berserker rages.
You hear a shout!
The accursed points at you and mumbles some strange words.
Something smites you!
The Servant moves out of view.
A bag of meat comes into view. It is wielding a +9 war axe.
Unknown command.
The bag of meat attacks as you move away!
The bag of meat hits you with a +9 war axe!!
The meat berserker attacks as you move away!
The meat berserker closely misses you. The destroyer attacks as you move away!
The destroyer hits you with a +9 heavy great sword!!!!
* * * LOW HITPOINT WARNING * * *
The destroyer bites you.
* * * LOW HITPOINT WARNING * * *
You hear a roar!
You hear a shout! x9
The bag of meat hits you with a +9 war axe!
You die...

....#............
#........#..o.....
#...o.....#.......
#.....oo.....#....
#...oM@o..#......#
#..o.#.oDO.)))..).
#....##o☼§))○.#)).
#.oV..#)zV°V#))..O
#@Oo.§o###o○§.....
#ooozo##o.o.#.....
#o.o.#........#...
#....#..........z.
#.......V........#
#oo.....o.........
#.................
#.o.......#.


You could see an accursed, The Servant, a destroyer, 2 sculptors of flesh, a
meat berserker (berserk) and 17 bags of meat.

Vanquished Creatures
  2 vampire knights (D)
  20 ogres (D)
  2 two-headed ogres (D)
  42 orcs (D)
  2 skeletal warriors (D)
68 creatures vanquished.

Notes
Turn   | Place    | Note
-------+----------+-------------------------------------------
     0 | D        | Found the +∞ Axe of Woe
     0 | D        | BreadTh the Ghoul Fighter began the quest for the Orb.
     0 | D        | Reached XP level 1. HP: 19/19 MP: 0/0
     1 | D        | Noticed a bag of meat
     1 | D        | Noticed a bag of meat
     2 | D        | Noticed a bag of meat
     3 | D        | Noticed a bag of meat
     3 | D        | Noticed a meat berserker
     3 | D        | Noticed a meat berserker
     4 | D        | Noticed a meat berserker
     4 | D        | Noticed a bag of meat
     7 | D        | Killed a bag of meat
     7 | D        | Noticed a bag of meat
     8 | D        | Reached XP level 2. HP: 26/26 MP: 1/1
     8 | D        | Reached XP level 3. HP: 31/31 MP: 2/2
     8 | D        | Reached XP level 4. HP: 38/38 MP: 3/3
     8 | D        | Reached XP level 5. HP: 45/45 MP: 4/4
     8 | D        | Reached XP level 6. HP: 51/51 MP: 5/5
     8 | D        | Reached XP level 7. HP: 57/57 MP: 6/6
     8 | D        | Reached XP level 8. HP: 63/63 MP: 7/7
     8 | D        | Reached XP level 9. HP: 70/70 MP: 8/8
     8 | D        | Reached XP level 10. HP: 77/77 MP: 9/9
     8 | D        | Reached XP level 11. HP: 82/82 MP: 10/10
     8 | D        | Killed a meat berserker
     8 | D        | Killed a meat berserker
     9 | D        | Reached skill level 27 in Axes
     9 | D        | Reached skill level 10 in Armour
     9 | D        | Reached XP level 12. HP: 112/112 MP: 11/11
     9 | D        | Reached XP level 13. HP: 117/117 MP: 12/12
     9 | D        | Killed a meat berserker
     9 | D        | Killed a bag of meat
    10 | D        | Reached skill level 15 in Fighting
    10 | D        | Reached XP level 14. HP: 136/136 MP: 13/13
    12 | D        | Killed a bag of meat
    13 | D        | Reached XP level 15. HP: 145/145 MP: 14/14
    14 | D        | Reached skill level 15 in Armour
    15 | D        | Became a worshipper of Makhleb the Destroyer
    19 | D        | Noticed a meat berserker
    22 | D        | Noticed a large bag of meat
    22 | D        | Killed a meat berserker
    22 | D        | Reached * piety under Makhleb
    23 | D        | Reached XP level 16. HP: 167/167 MP: 15/15
    23 | D        | Noticed a meat berserker
    23 | D        | Noticed a meat berserker
    24 | D        | Noticed a destroyer
    24 | D        | Noticed a meat berserker
    25 | D        | Noticed a meat berserker
    25 | D        | Noticed a meat berserker
    26 | D        | Noticed a meat berserker
    26 | D        | Noticed a meat berserker
    26 | D        | Noticed a meat berserker
    27 | D        | Noticed a meat berserker
    28 | D        | Noticed a destroyer
    28 | D        | Noticed a meat berserker
    28 | D        | Noticed a large bag of meat
    28 | D        | Reached ** piety under Makhleb
    28 | D        | Killed a meat berserker
    28 | D        | Killed a meat berserker
    28 | D        | Killed a meat berserker
    28 | D        | Reached *** piety under Makhleb
    29 | D        | Reached skill level 27 in Stealth
    29 | D        | Reached XP level 17. HP: 120/190 MP: 16/16
    29 | D        | Noticed a meat berserker
    29 | D        | Noticed a meat berserker
    29 | D        | Noticed a destroyer
    30 | D        | Killed a meat berserker
    30 | D        | Killed a meat berserker
    30 | D        | Reached **** piety under Makhleb
    30 | D        | Killed a destroyer
    31 | D        | Reached skill level 27 in Fighting
    31 | D        | Reached skill level 27 in Armour
    31 | D        | Reached skill level 27 in Dodging
    31 | D        | Reached XP level 18. HP: 139/200 MP: 16/22
    31 | D        | Noticed a destroyer
    32 | D        | Killed a meat berserker
    32 | D        | Reached ***** piety under Makhleb
    33 | D        | Reached skill level 5 in Short Blades
    33 | D        | Reached skill level 5 in Long Blades
    33 | D        | Reached skill level 5 in Maces & Flails
    33 | D        | Reached skill level 5 in Polearms
    33 | D        | Reached skill level 5 in Staves
    33 | D        | Reached skill level 5 in Ranged Weapons
    33 | D        | Reached skill level 5 in Spellcasting
    33 | D        | Reached skill level 5 in Hexes
    33 | D        | Reached skill level 5 in Summonings
    33 | D        | Reached skill level 5 in Translocations
    33 | D        | Reached XP level 19. HP: 207/207 MP: 16/25
    33 | D        | Killed a meat berserker
    33 | D        | Killed a meat berserker
    33 | D        | Killed a meat berserker
    33 | D        | Noticed a sculptor of flesh
    33 | D        | Noticed a meat berserker
    34 | D        | Reached XP level 20. HP: 216/216 MP: 16/29
    34 | D        | Reached ****** piety under Makhleb
    35 | D        | Reached skill level 10 in Unarmed Combat
    35 | D        | Killed a destroyer
    35 | D        | Killed a meat berserker
    35 | D        | Noticed an eight-headed meat hydra
    36 | D        | Reached skill level 10 in Short Blades
    36 | D        | Reached skill level 10 in Long Blades
    36 | D        | Reached skill level 10 in Maces & Flails
    36 | D        | Reached skill level 10 in Polearms
    36 | D        | Reached skill level 10 in Staves
    36 | D        | Reached skill level 10 in Ranged Weapons
    36 | D        | Reached skill level 10 in Shields
    36 | D        | Reached skill level 10 in Summonings
    36 | D        | Reached skill level 10 in Necromancy
    36 | D        | Reached skill level 10 in Translocations
    36 | D        | Reached skill level 10 in Ice Magic
    36 | D        | Reached skill level 10 in Earth Magic
    36 | D        | Reached skill level 10 in Poison Magic
    36 | D        | Reached skill level 15 in Invocations
    36 | D        | Reached XP level 21. HP: 224/224 MP: 16/33
    36 | D        | Noticed a meat berserker
    37 | D        | Killed a large bag of meat
    37 | D        | Noticed a meat berserker
    38 | D        | Reached skill level 10 in Throwing
    38 | D        | Reached skill level 10 in Spellcasting
    38 | D        | Reached skill level 10 in Conjurations
    38 | D        | Reached skill level 10 in Hexes
    38 | D        | Reached skill level 10 in Transmutations
    38 | D        | Reached skill level 10 in Fire Magic
    38 | D        | Reached skill level 10 in Evocations
    39 | D        | Reached skill level 10 in Air Magic
    39 | D        | Reached XP level 22. HP: 215/233 MP: 17/36
    42 | D        | Reached skill level 15 in Unarmed Combat
    43 | D        | Reached skill level 15 in Ice Magic
    43 | D        | Reached skill level 15 in Earth Magic
    43 | D        | Reached XP level 23. HP: 240/240 MP: 18/38
    44 | D        | Reached skill level 15 in Necromancy
    44 | D        | Reached skill level 15 in Poison Magic
    44 | D        | Killed a large bag of meat
    45 | D        | Reached skill level 15 in Short Blades
    45 | D        | Reached skill level 15 in Long Blades
    45 | D        | Reached skill level 15 in Maces & Flails
    45 | D        | Reached skill level 15 in Polearms
    45 | D        | Reached skill level 15 in Staves
    45 | D        | Reached skill level 15 in Ranged Weapons
    45 | D        | Reached skill level 15 in Shields
    45 | D        | Reached skill level 15 in Summonings
    45 | D        | Reached skill level 15 in Translocations
    45 | D        | Reached XP level 24. HP: 188/249 MP: 18/39
    47 | D        | Reached skill level 15 in Throwing
    47 | D        | Reached skill level 15 in Transmutations
    47 | D        | Reached skill level 15 in Evocations
    48 | D        | Noticed a destroyer
    48 | D        | Noticed a destroyer
    49 | D        | Noticed a destroyer
    50 | D        | Noticed an accursed
    50 | D        | Noticed a large bag of meat
    52 | D        | Noticed The Servant
    53 | D        | HP: 8/249 [destroyer/+9 heavy great sword (100)]
    53 | D        | Slain by a bag of meat

Illustrated notes

Levels and vault maps discovered:
D:        meatsprint

Skill      XL: |  1  2  3  4  5  6  7  8  9 10 11 12 13 14 15 16 17 18 19 20 21 22 23 24 |
---------------+-------------------------------------------------------------------------+-----
Axes           | 23 27 | 27.0
Fighting       | 11 15 16 21 26 27 | 27.0
Armour         | 10 13 14 18 23 27 | 27.0
Dodging        | 9 13 18 22 27 | 27.0
Stealth        | 12 16 17 22 27 | 27.0
Short Blades   | 3 5 7 10 12 13 15 | 15.9
Long Blades    | 3 5 7 10 12 13 15 | 15.9
Maces & Flails | 3 5 7 10 12 13 15 | 15.9
Polearms       | 3 5 7 10 12 13 15 | 15.9
Staves         | 3 5 7 10 12 13 15 16 | 16.0
Ranged Weapons | 3 5 7 10 12 13 15 | 15.9
Shields        | 4 6 8 10 12 13 15 16 | 16.2
Unarmed Combat | 4 6 9 11 14 16 17 18 | 18.7
Spellcasting   | 3 5 7 9 11 12 13 14 | 14.7
Conjurations   | 3 4 7 9 11 12 14 | 14.7
Hexes          | 3 5 7 9 11 12 13 14 | 14.7
Summonings     | 3 5 7 10 12 13 15 | 15.9
Translocations | 3 5 7 10 12 13 15 | 15.9
Throwing       | 3 6 9 11 13 14 15 | 15.4
Necromancy     | 4 7 10 12 14 15 16 | 16.8
Transmutations | 3 6 9 11 13 14 15 | 15.5
Fire Magic     | 3 6 8 10 12 13 14 | 14.3
Ice Magic      | 4 7 10 13 15 17 18 | 18.1
Air Magic      | 3 6 8 10 12 13 14 | 14.2
Earth Magic    | 4 8 10 13 15 17 18 | 18.1
Poison Magic   | 4 7 10 12 14 15 16 | 16.8
Invocations    | 6 11 15 18 21 23 24 | 24.7
Evocations     | 3 6 9 11 13 14 15 | 15.5

Action                     |  1- 3 |  4- 6 |  7- 9 | 10-12 | 13-15 | 16-18 | 19-21 | 22-24 || total
---------------------------+-------+-------+-------+-------+-------+-------+-------+-------++-------
  Melee: Executioner's axe |     1 |       |       |     1 |     5 |     4 |     5 |     6 ||    22
  Dodge: Dodged            |       |       |       |       |       |       |       |     5 ||     5
